Cogmind - Beta 10.2 @@@ ROGUE MODE // 2021.12.08 @ 21:01:56 Player: ChromeKnight Result: Self-destructed Performance ------------- Evolutions (7) 3500 Regions Visited (22) 4400 Robots Destroyed (88) 440 Value Destroyed (6195) 6195 Prototype IDs (27) 540 Alien Tech Used (0) 0 Bonus (7958) 7958 TOTAL SCORE: 23033 Bonus ------- High Alert Combat Kills 83 Follower Combat Kills 2499 Entered Garrisons 1600 Used RIF Installer 3500 Aligned with FarCom 300 Friendly Fire -24 Cogmind --------- Core Integrity 1223/1300 Matter 225/300 Energy 170/170 System Corruption 0% Temperature Cool (0) Movement Walking (120) Location -3/Garrison Parts ------- > --- POWER (1) -------- Light Antimatter Reactor > --- PROPULSION (4) --- Flexi-carbon Leg Flexi-carbon Leg Flexi-carbon Leg Myomer Leg > --- UTILITY (14) ----- Advanced Heat Sink Large Storage Unit Improved Medium Armor Plating Improved Medium Armor Plating Relay Coupler [NC] (30) Relay Coupler [ARC] (9) Relay Coupler [Swarmer] (3) Relay Coupler [Swarmer] (42) Relay Coupler [Grunt] (1) Relay Coupler [Brawler] (22) Relay Coupler [Sentry] (22) Relay Coupler [Specialist] (9) Relay Coupler [Hunter] (5) > --- WEAPON (2) ------- Hardcell Cannon Advanced Remote Datajack > --- INVENTORY (10) --- Relay Coupler [NC] (31) Relay Coupler [NC] (30) Relay Coupler [Swarmer] (43) Relay Coupler [Sentry] (29) Relay Coupler [Sentry] (25) Relay Coupler [Sentry] (23) Relay Coupler [Demolisher] (20) Advanced Datajack Peak State ------------ > --- POWER ------------ Light Antimatter Reactor > --- PROPULSION ------- Flexi-carbon Leg Armored Leg Armored Leg Myomer Leg > --- UTILITY ---------- Advanced Heat Sink Large Storage Unit Advanced Target Analyzer Improved Medium Armor Plating Improved Medium Armor Plating Improved Medium Armor Plating Relay Coupler [NC] Relay Coupler [ARC] Relay Coupler [Swarmer] Relay Coupler [Swarmer] Relay Coupler [Grunt] Relay Coupler [Sentry] Relay Coupler [Specialist] Relay Coupler [Hunter] > --- WEAPON ----------- KE Penetrator Advanced Remote Datajack > --- INVENTORY -------- Relay Coupler [NC] Relay Coupler [NC] Relay Coupler [Swarmer] Relay Coupler [Brawler] Relay Coupler [Sentry] Relay Coupler [Sentry] Relay Coupler [Sentry] Relay Coupler [Demolisher] Advanced Datajack Advanced Datajack [Rating: 100] Favorites ----------- Power Light Nuclear Core Engine Light Angular Momentum Engine Power Core Light Nuclear Core Reactor Light Antimatter Reactor Propulsion Flexi-carbon Leg Treads Improved Treads Leg Flexi-carbon Leg Utility Large Storage Unit Device Advanced Heat Sink Storage Large Storage Unit Processor Advanced Visual Processing Unit Hackware Relay Coupler [Sentry] Protection Improved Medium Armor Plating Weapon Coil Gun Energy Gun Lightning Gun Ballistic Gun Coil Gun Ballistic Cannon Assault Cannon Launcher Grenade Launcher Special Weapon Remote Datajack Impact Weapon Power Maul Slashing Weapon Ripper Piercing Weapon Heavy Pick Special Melee Weapon Improved Datajack Build | -11 -10 -10 -10 -9 -8 -8 -7 -7 -7 -7 -6 -6 -6 -6 -6 -6 -5 -5 -4 -4 -3 -3 ------- Run | Scr Mat Min Exi Min Mat Gar Fac Gar Fac Gar Fac Was Fac Gar Fac Gar Fac Gar Fac Gar Res Gar Slots Evolved 14 | . . . . . 4 . 2 . . . 2 . . . . . 2 . 2 . 2 . Power . | . . . . . . . . . . . . . . . . . . . . . . . Propulsion 2 | . . . . . . . . . . . 1 . . . . . . . . . 1 . Utility 12 | . . . . . 4 . 2 . . . 1 . . . . . 2 . 2 . 1 . Weapon . | . . . . . . . . . . . . . . . . . . . . . . . Parts Attached 213 | 6 7 . 2 6 18 15 5 7 6 24 1 7 27 10 . 14 5 8 3 20 3 19 Power 31 | 1 1 . . 2 2 1 1 . 3 4 . . 7 . . 4 1 1 . 2 . 1 Engine 11 | 1 1 . . . . . . . . 1 . . 5 . . 3 . . . . . . Core 19 | . . . . 2 2 1 1 . 3 3 . . 2 . . 1 1 1 . 2 . . Reactor 1 | . . . . . . . . . . . . . . . . . . . . . . 1 Propulsion 42 | 2 2 . . 2 . 3 2 . 2 7 1 1 5 2 . 2 . . 3 . 2 6 Treads 5 | . 2 . . 2 . 1 . . . . . . . . . . . . . . . . Leg 37 | 2 . . . . . 2 2 . 2 7 1 1 5 2 . 2 . . 3 . 2 6 Wheel . | . . . . . . . . . . . . . . . . . . . . . . . Hover . | . . . . . . . . . . . . . . . . . . . . . . . Flight . | . . . . . . . . . . . . . . . . . . . . . . . Utility 78 | 1 2 . 2 . 7 6 . 7 1 4 . 2 7 7 . 8 3 5 . 9 1 6 Device 6 | . . . . . 2 1 . . . . . . . 2 . . . . . 1 . . Storage 7 | 1 2 . 2 . . 1 . . 1 . . . . . . . . . . . . . Processor 2 | . . . . . 1 . . . . . . . . . . . . . . . . 1 Hackware 44 | . . . . . 2 3 . 6 . 4 . . 3 4 . 7 . 5 . 6 1 3 Protection 19 | . . . . . 2 1 . 1 . . . 2 4 1 . 1 3 . . 2 . 2 Artifact . | . . . . . . . . . . . . . . . . . . . . . . . Weapon 62 | 2 2 . . 2 9 5 2 . . 9 . 4 8 1 . . 1 2 . 9 . 6 Energy Gun 6 | . . . . . 2 2 . . . . . . . . . . . . . 2 . . Energy Cannon . | . . . . . . . . . . . . . . . . . . . . . . . Ballistic Gun 30 | 2 2 . . 2 4 . . . . 6 . 3 3 1 . . . 1 . 4 . 2 Ballistic Cannon 3 | . . . . . 1 . . . . . . 1 . . . . . . . . . 1 Launcher 2 | . . . . . 1 1 . . . . . . . . . . . . . . . . Special Weapon 8 | . . . . . . . . . . 1 . . 2 . . . 1 1 . 1 . 2 Impact Weapon 1 | . . . . . . . . . . . . . 1 . . . . . . . . . Slashing Weapon 4 | . . . . . 1 . 2 . . 1 . . . . . . . . . . . . Piercing Weapon 1 | . . . . . . . . . . . . . . . . . . . . 1 . . Special Melee Weapon 7 | . . . . . . 2 . . . 1 . . 2 . . . . . . 1 . 1 Unidentified Prototypes 4 | . . . . . 2 . . . . . . 1 1 . . . . . . . . . Parts Lost 53 | . . . . . 5 5 . . 6 13 1 . 3 1 . 1 4 1 . 9 1 3 Power 9 | . . . . . . 1 . . 1 3 . . 1 . . 1 1 . . 1 . . Propulsion 12 | . . . . . 1 . . . 2 6 1 . . 1 . . 1 . . . . . Utility 22 | . . . . . 3 3 . . 2 2 . . 1 . . . 1 1 . 5 1 3 Weapon 10 | . . . . . 1 1 . . 1 2 . . 1 . . . 1 . . 3 . . Highest Loss Streak 6 | . . . . . 2 3 . . 6 4 1 . 1 1 . 1 3 1 . 3 1 1 Average Slot Usage (%) 92 | . 95 100 100 100 86 82 82 89 92 88 85 86 98 96 93 96 81 92 87 88 91 94 Engine 3 | . 14 14 14 . . . . . . 1 6 6 5 6 6 3 3 . . . . . Core 4 | . . . . 13 9 8 6 7 6 5 . . . . . 1 . 5 5 4 4 2 Treads 5 | . 25 28 28 28 17 1 . . . . . . . . . . . . . . . . Leg 12 | . 2 . . . . 15 15 15 15 11 18 13 20 19 20 20 14 11 13 15 16 19 Device 1 | . . . . . 6 3 7 1 . . . . . . . . . . . 1 4 4 Storage 14 | . 23 28 28 28 18 18 15 15 15 15 13 13 13 13 13 13 11 11 10 8 4 4 Hackware 25 | . . . . . 11 12 23 28 35 41 33 33 32 29 26 29 29 32 31 34 40 37 Protection 7 | . . . . . 3 6 . 5 4 . . 6 13 13 13 13 9 18 15 10 9 13 Ballistic Gun 8 | . 28 28 28 28 9 . . . . 6 13 13 8 6 6 6 5 5 5 4 4 3 Special Weapon 1 | . . . . . . . . . . 2 . . . 6 6 6 3 4 5 1 . . Slashing Weapon 1 | . . . . . . 5 6 7 7 3 . . . . . . . . . . . . Special Melee Weapon 1 | . . . . . . 4 7 7 4 . . . 2 . . . . . . 2 4 3 Naked Turns . | . . . . . . . . . . . . . . . . . . . . . . . Heaviest Build 67 | 10 41 41 41 43 66 67 43 44 45 49 49 65 65 59 55 55 62 65 64 66 42 67 Greatest Support 85 | 20 46 46 46 46 52 60 60 60 60 33 40 55 60 60 55 55 55 35 52 48 68 85 Greatest Overweight (x) 21 | 2 1 . . . 2 21 . . 1 4 2 2 1 1 . . 1 1 1 1 . . Average Overweight (x) . | . . . . . . . . . . 1 1 1 . . . . . 1 1 . . . Largest Inventory Capacity 22 | 6 16 16 16 16 16 22 16 16 16 16 16 16 16 16 16 16 16 16 16 16 10 10 Average Capacity 15 | 5 14 16 16 16 16 16 16 16 16 16 16 16 16 16 16 16 16 16 16 14 10 10 Most Carried 16 | . 10 13 16 16 16 16 16 16 16 16 16 16 16 16 16 16 16 16 16 16 10 10 Average Carried 14 | . 6 11 14 13 15 12 16 15 15 14 16 16 15 15 16 15 15 15 15 14 9 9 Final Capacity 16 | 6 16 16 16 16 16 16 16 16 16 16 16 16 16 16 16 16 16 16 16 10 10 10 Final Carried 16 | . 10 13 15 15 16 16 16 16 16 16 16 16 16 16 16 16 16 15 16 9 9 8 Class Distribution -------------------- 41% | Bothacker-Mutant 34% | Botlord-Mutant 21% | Mutant Dominant Class ---------------- Mutant | -10/Materials Mutant | -10/Mines Mutant | -10/Exiles Mutant | -9/Mines Mutant | -8/Materials Bothacker-Mutant | -8/Garrison Bothacker-Mutant | -7/Factory Bothacker-Mutant | -7/Garrison Bothacker-Mutant | -7/Factory Bothacker-Mutant | -7/Garrison Bothacker-Mutant | -6/Factory Bothacker-Mutant | -6/Waste Bothacker-Mutant | -6/Factory Bothacker-Mutant | -6/Garrison Botlord-Mutant | -6/Factory Botlord-Mutant | -6/Garrison Botlord-Mutant | -5/Factory Botlord-Mutant | -5/Garrison Botlord-Mutant | -4/Factory Botlord-Mutant | -4/Garrison Botlord-Mutant | -3/Research Botlord-Mutant | -3/Garrison Resources | -11 -10 -10 -10 -9 -8 -8 -7 -7 -7 -7 -6 -6 -6 -6 -6 -6 -5 -5 -4 -4 -3 -3 ----------- Run | Scr Mat Min Exi Min Mat Gar Fac Gar Fac Gar Fac Was Fac Gar Fac Gar Fac Gar Fac Gar Res Gar Matter Collected 4270 | 256 290 8 . 156 709 263 10 110 20 523 . 65 337 246 . 269 127 108 40 413 30 290 Remotely . | . . . . . . . . . . . . . . . . . . . . . . . Salvage Created 3298 | . 303 . . 140 736 444 . 110 143 373 . . 182 23 . 288 46 . . 422 . 88 Parts 200 | . 32 . . 12 43 28 . 3 11 19 . . 11 1 . 12 3 . . 19 . 6 Haulers Intercepted 2 | . 1 . . . 1 . . . . . . . . . . . . . . . . . Recyclers Shooed . | . . . . . . . . . . . . . . . . . . . . . . . Parts Field Recycled . | . . . . . . . . . . . . . . . . . . . . . . . Retrieved Matter . | . . . . . . . . . . . . . . . . . . . . . . . Parts Self-Destructed . | . . . . . . . . . . . . . . . . . . . . . . . Prevented . | . . . . . . . . . . . . . . . . . . . . . . . Kills | -11 -10 -10 -10 -9 -8 -8 -7 -7 -7 -7 -6 -6 -6 -6 -6 -6 -5 -5 -4 -4 -3 -3 ------- Run | Scr Mat Min Exi Min Mat Gar Fac Gar Fac Gar Fac Was Fac Gar Fac Gar Fac Gar Fac Gar Res Gar Combat Hostiles Destroyed 75 | . 8 . . 3 15 14 . 2 4 7 . . 4 1 . 7 2 . . 7 . 1 Melee 16 | . . . . . . 7 . 2 4 3 . . . . . . . . . . . . Guns 50 | . 8 . . 3 13 2 . . . 4 . . 4 . . 6 2 . . 7 . 1 Cannons 2 | . . . . . 2 . . . . . . . . . . . . . . . . . AOE 7 | . . . . . . 5 . . . . . . . 1 . 1 . . . . . . Classes Destroyed 13 | . 5 . . 1 3 . . . 2 1 . . . . . . . . . . . 1 Worker 1 | . . . . . . . . . 1 . . . . . . . . . . . . . Builder 4 | . 1 . . . 3 . . . . . . . . . . . . . . . . . Hauler 2 | . 1 . . . 1 . . . . . . . . . . . . . . . . . Recycler 2 | . . . . . 2 . . . . . . . . . . . . . . . . . Operator 1 | . . . . . 1 . . . . . . . . . . . . . . . . . Watcher 3 | . 2 . . . 1 . . . . . . . . . . . . . . . . . Swarmer 31 | . 6 . . . 10 3 . . 3 . . . 1 1 . 3 2 . . 2 . . Grunt 21 | . 2 . . 1 3 8 . . . 3 . . . . . 3 . . . 1 . . Duelist 1 | . . . . . . . . . . 1 . . . . . . . . . . . . Sentry 10 | . . . . 2 1 2 . . . . . . 1 . . 1 . . . 3 . . Hunter 5 | . . . . . 1 1 . 2 . 1 . . . . . . . . . . . . Programmer 6 | . . . . . . . . . 1 2 . . 2 . . . . . . 1 . . Behemoth 1 | . . . . . . . . . . . . . . . . . . . . . . 1 Best Kill Streak 5 | . 3 . . 2 4 5 . 1 4 1 . . 1 1 . 3 2 . . 2 . 1 Combat Bots Only 5 | . 3 . . 2 3 5 . 1 3 1 . . 1 1 . 3 2 . . 2 . 1 Max Kills in Single Turn 2 | . 2 . . 1 1 2 . 1 1 1 . . 1 1 . 1 1 . . 1 . 1 Gunslinging . | . . . . . . . . . . . . . . . . . . . . . . . Exploded 2 | . . . . . . 2 . . . . . . . 1 . 1 . . . . . . Melee 1 | . . . . . . 1 . 1 1 1 . . . . . . . . . . . . Uniques/NPCs Destroyed . | . . . . . . . . . . . . . . . . . . . . . . . Combat | -11 -10 -10 -10 -9 -8 -8 -7 -7 -7 -7 -6 -6 -6 -6 -6 -6 -5 -5 -4 -4 -3 -3 -------- Run | Scr Mat Min Exi Min Mat Gar Fac Gar Fac Gar Fac Was Fac Gar Fac Gar Fac Gar Fac Gar Res Gar Damage Taken 11619 | . 265 13 . 230 1321 1506 . 521 632 1290 20 . 640 624 . 606 824 111 89 1750 239 938 Core 1565 | . 53 . . 26 187 195 . 142 171 197 . . 46 94 . 78 157 . . 142 11 66 Absorbed by Shields 89 | . . . . . . . . 38 . . . . . . . . . . . 51 . . Core Remaining (%) 67 | 100 . . . 68 . 30 . . . 27 . . . . . 74 . 84 . 87 . . Volleys Fired 381 | . 29 . . 13 75 23 . . . 40 . . 19 30 . 35 18 7 2 62 . 28 Largest 2 | . 2 . . 2 2 1 . . . 2 . . 2 1 . 1 1 1 1 1 . 1 Hottest 110 | . 46 . . 46 110 55 . . . 56 . . 60 30 . 30 30 30 30 65 . 50 Shots Fired 518 | . 58 . . 26 148 24 . . . 59 . . 22 30 . 34 18 7 2 62 . 28 Gun 401 | . 58 . . 26 115 15 . . . 51 . . 13 21 . 24 8 2 . 53 . 15 Cannon 33 | . . . . . 33 . . . . . . . . . . . . . . . . . Launcher 9 | . . . . . . 9 . . . . . . . . . . . . . . . . Special 75 | . . . . . . . . . . 8 . . 9 9 . 10 10 5 2 9 . 13 Kinetic 403 | . 58 . . 26 133 . . . . 51 . . 13 21 . 24 8 2 . 52 . 15 Thermal . | . . . . . . . . . . . . . . . . . . . . . . . Explosive 9 | . . . . . . 9 . . . . . . . . . . . . . . . . Electromagnetic 31 | . . . . . 15 15 . . . . . . . . . . . . . 1 . . Robot Hit Streak 16 | . 5 . . 7 10 9 . . . 9 . . 16 4 . 7 8 3 4 6 . 11 Robot Miss Streak 4 | . 3 . . 1 4 4 . . . 2 . . 1 3 . 4 3 2 . 2 . 3 Penetration Max 1 | . . . . . 1 . . . . . . . . . . . . . . . . . Secondary Targets 2 | . 1 . . . 1 . . . . . . . . . . . . . . . . . Max Gunslinging Chain 1 | . 1 . . . 1 . . . . . . . . . . . . . . . . . Shots Hit Robots 379 | . 28 . . 21 64 41 . 12 14 48 . . 32 15 . 22 11 3 2 40 4 22 Core Hits 133 | . 13 . . 6 31 30 . 3 6 13 . . 6 2 . 8 2 . . 10 . 3 Critical Hits 11 | . . . . . 4 . . . . 1 . . 1 1 . 2 . . . 1 . 1 Critical Kills 6 | . . . . . 2 . . . . 1 . . 1 . . 1 . . . 1 . . Critical Parts Destroyed 4 | . . . . . 2 . . . . . . . . 1 . 1 . . . . . . Melee Attacks 146 | . . . . . 5 35 1 20 16 11 . . 16 . . . . . . 35 5 2 Impact . | . . . . . . . . . . . . . . . . . . . . . . . Slashing 69 | . . . . . 5 25 1 13 16 9 . . . . . . . . . . . . Piercing 25 | . . . . . . . . . . . . . . . . . . . . 25 . . Sneak Attacks 11 | . . . . . . . . 1 1 . . . 8 . . . . . . . 1 . Combat Hostiles 1 | . . . . . . . . 1 . . . . . . . . . . . . . . Follow-up Attacks . | . . . . . . . . . . . . . . . . . . . . . . . Damage Inflicted 6867 | . 396 . . 277 1329 1194 . 257 560 890 . . 295 210 . 358 142 . . 684 . 275 Guns 4616 | . 396 . . 277 1106 184 . . . 718 . . 266 210 . 358 142 . . 684 . 275 Cannons 223 | . . . . . 223 . . . . . . . . . . . . . . . . . Explosions 420 | . . . . . . 420 . . . . . . . . . . . . . . . . Melee 1579 | . . . . . . 590 . 257 560 172 . . . . . . . . . . . . Ramming 29 | . . . . . . . . . . . . . 29 . . . . . . . . . Kinetic 4444 | . 396 . . 277 1141 . . . . 718 . . 266 210 . 358 142 . . 661 . 275 Thermal . | . . . . . . . . . . . . . . . . . . . . . . . Explosive 420 | . . . . . . 420 . . . . . . . . . . . . . . . . Electromagnetic 395 | . . . . . 188 184 . . . . . . . . . . . . . 23 . . Impact . | . . . . . . . . . . . . . . . . . . . . . . . Slashing 1579 | . . . . . . 590 . 257 560 172 . . . . . . . . . . . . Piercing . | . . . . . . . . . . . . . . . . . . . . . . . Highest Corruption 9 | . . . . . 9 9 . . 4 6 . . 2 2 2 2 . . . 1 . . Average Corruption 3 | . . . . . 3 9 . . 3 5 . . 1 2 2 2 . . . 1 . . Corruption Purged . | . . . . . . . . . . . . . . . . . . . . . . . Effects 150 | . . . . . 11 36 . . 5 55 . . 9 11 . 17 . . . 6 . . Message Errors 39 | . . . . . 2 4 . . 2 16 . . 6 2 . 5 . . . 2 . . Matter Fused 17 | . . . . . 2 3 . . . 12 . . . . . . . . . . . . Heat Flow Errors 20 | . . . . . 1 5 . . 1 5 . . 1 3 . 4 . . . . . . Energy Discharges 25 | . . . . . 3 5 . . 2 5 . . 1 3 . 4 . . . 2 . . Parts Rejected 1 | . . . . . . . . . . 1 . . . . . . . . . . . . Data Loss (minor) 21 | . . . . . 2 6 . . . 5 . . 1 3 . 2 . . . 2 . . Data Loss (major) 12 | . . . . . . 5 . . . 7 . . . . . . . . . . . . Misfires 1 | . . . . . . 1 . . . . . . . . . . . . . . . . Targeting Errors 12 | . . . . . . 7 . . . 4 . . . . . 1 . . . . . . Weapon Failures 2 | . . . . . 1 . . . . . . . . . . 1 . . . . . . Overload Shots . | . . . . . . . . . . . . . . . . . . . . . . . Overflow Damage 189 | . . . . . 3 55 . . 117 . . . 14 . . . . . . . . . Projectiles 3 | . . . . . 3 . . . . . . . . . . . . . . . . . Explosions . | . . . . . . . . . . . . . . . . . . . . . . . Melee 186 | . . . . . . 55 . . 117 . . . 14 . . . . . . . . . Knockbacks 3 | . . . . . 3 . . . . . . . . . . . . . . . . . Impact . | . . . . . . . . . . . . . . . . . . . . . . . Kinetic 3 | . . . . . 3 . . . . . . . . . . . . . . . . . Secondary . | . . . . . . . . . . . . . . . . . . . . . . . Self-Inflicted Damage 39 | . . . . . . 25 . . . . . . 14 . . . . . . . . . Shots 2 | . . . . . . 2 . . . . . . . . . . . . . . . . Rammed 1 | . . . . . . . . . . . . . 1 . . . . . . . . . Targets Rammed 1 | . . . . . . . . . . . . . 1 . . . . . . . . . Kicked . | . . . . . . . . . . . . . . . . . . . . . . . Crushed . | . . . . . . . . . . . . . . . . . . . . . . . Highest Temperature 242 | . 24 . . 34 242 231 . 8 188 229 . . 220 221 . 238 11 8 1 10 . 10 Average Temperature 48 | . 6 . . 13 30 82 . 8 97 79 . . 64 73 . 80 11 5 1 2 . 5 Received Heat Transfer 1597 | . 30 . . 81 198 387 . 40 9 201 9 . 105 45 . 117 12 9 18 270 . 66 Effects 1 | . . . . . . . . . . 1 . . . . . . . . . . . . Energy Bleed 1 | . . . . . . . . . . 1 . . . . . . . . . . . . Siege Activations . | . . . . . . . . . . . . . . . . . . . . . . . Robots Corrupted . | . . . . . . . . . . . . . . . . . . . . . . . Combat Hostiles . | . . . . . . . . . . . . . . . . . . . . . . . Parts Fried 2 | . . . . . . 2 . . . . . . . . . . . . . . . . Impact Corruptions 1 | . . . . . . . . . . . . . 1 . . . . . . . . . Robots Melted . | . . . . . . . . . . . . . . . . . . . . . . . Combat Hostiles . | . . . . . . . . . . . . . . . . . . . . . . . Parts Melted . | . . . . . . . . . . . . . . . . . . . . . . . Heat Transferred . | . . . . . . . . . . . . . . . . . . . . . . . Parts Sabotaged . | . . . . . . . . . . . . . . . . . . . . . . . Parts Stolen . | . . . . . . . . . . . . . . . . . . . . . . . Parts Stripped . | . . . . . . . . . . . . . . . . . . . . . . . Power Chain Reactions . | . . . . . . . . . . . . . . . . . . . . . . . Missiles Intercepted . | . . . . . . . . . . . . . . . . . . . . . . . Alert | -11 -10 -10 -10 -9 -8 -8 -7 -7 -7 -7 -6 -6 -6 -6 -6 -6 -5 -5 -4 -4 -3 -3 ------- Run | Scr Mat Min Exi Min Mat Gar Fac Gar Fac Gar Fac Was Fac Gar Fac Gar Fac Gar Fac Gar Res Gar Peak Influence 744 | . 127 101 . 92 358 744 391 476 291 294 112 35 241 156 81 350 342 271 142 296 144 135 Initial 390 | . . 5 . . . 145 390 273 249 112 112 35 24 72 81 56 183 213 142 93 144 85 Average 186 | . 31 55 . 22 216 511 390 360 203 238 111 35 94 113 81 183 281 257 129 230 138 77 Maximum Alert Level 3 | . . . . . 1 3 1 2 1 1 . . 1 . . 1 1 1 . 1 . . Low Security (%) 56 | 100 100 100 . 100 40 9 . . 49 27 100 100 97 100 100 55 8 . 100 24 100 100 Level 1 38 | . . . . . 59 14 100 75 50 72 . . 2 . . 44 91 100 . 75 . . Level 2 4 | . . . . . . 64 . 24 . . . . . . . . . . . . . . Level 3 . | . . . . . . 11 . . . . . . . . . . . . . . . . Level 4 . | . . . . . . . . . . . . . . . . . . . . . . . Level 5 . | . . . . . . . . . . . . . . . . . . . . . . . High Security . | . . . . . . . . . . . . . . . . . . . . . . . Max Security . | . . . . . . . . . . . . . . . . . . . . . . . Squads Dispatched 22 | . 1 . . . 2 . . . 4 . . . 6 . 1 . 2 . 2 . 4 . Investigation 4 | . 1 . . . . . . . 1 . . . . . 1 . . . . . 1 . Extermination 4 | . . . . . . . . . 1 . . . 3 . . . . . . . . . Reinforcement 7 | . . . . . 2 . . . . . . . 3 . . . 1 . . . 1 . Assault . | . . . . . . . . . . . . . . . . . . . . . . . Garrison 7 | . . . . . . . . . 2 . . . . . . . 1 . 2 . 2 . Intercept . | . . . . . . . . . . . . . . . . . . . . . . . Construction Impeded 1 | . . . . . 1 . . . . . . . . . . . . . . . . . Haulers Reinforced . | . . . . . . . . . . . . . . . . . . . . . . . Alert ID Control Effect 44 | . . . . . . . . . . . . . 2 5 . 3 3 11 4 7 6 3 Stealth | -11 -10 -10 -10 -9 -8 -8 -7 -7 -7 -7 -6 -6 -6 -6 -6 -6 -5 -5 -4 -4 -3 -3 --------- Run | Scr Mat Min Exi Min Mat Gar Fac Gar Fac Gar Fac Was Fac Gar Fac Gar Fac Gar Fac Gar Res Gar Distress Signals 5 | . . . . . 2 . . . . . . . 2 . . . 1 . . . . . Communications Jammed . | . . . . . . . . . . . . . . . . . . . . . . . Distress Signals . | . . . . . . . . . . . . . . . . . . . . . . . Times Spotted 253 | . 13 6 . 5 27 24 . 11 7 24 3 . 25 18 . 15 13 15 2 25 6 14 Peak Tracking Total 8 | . 3 3 . 3 5 7 . 3 3 4 3 . 5 5 . 5 6 8 1 3 2 6 Tactical Retreats 14 | . 1 . . . 2 1 . . . 3 . . 1 . . 2 1 1 . 2 . . Traps | -11 -10 -10 -10 -9 -8 -8 -7 -7 -7 -7 -6 -6 -6 -6 -6 -6 -5 -5 -4 -4 -3 -3 ------- Run | Scr Mat Min Exi Min Mat Gar Fac Gar Fac Gar Fac Was Fac Gar Fac Gar Fac Gar Fac Gar Res Gar Traps Triggered 41 | . 1 . . . . 2 2 4 . 6 1 . 1 3 . 8 . 7 . 5 1 . Indirectly . | . . . . . . . . . . . . . . . . . . . . . . . Trap Hack Attempts . | . . . . . . . . . . . . . . . . . . . . . . . Triggered . | . . . . . . . . . . . . . . . . . . . . . . . Disarmed . | . . . . . . . . . . . . . . . . . . . . . . . Reprogrammed . | . . . . . . . . . . . . . . . . . . . . . . . Reused 4 | . . . . . . 4 . . . . . . . . . . . . . . . . Traps Extracted . | . . . . . . . . . . . . . . . . . . . . . . . Installed 5 | . . . . . . 5 . . . . . . . . . . . . . . . . Triggered 4 | . . . . . . 4 . . . . . . . . . . . . . . . . Machines | -11 -10 -10 -10 -9 -8 -8 -7 -7 -7 -7 -6 -6 -6 -6 -6 -6 -5 -5 -4 -4 -3 -3 ---------- Run | Scr Mat Min Exi Min Mat Gar Fac Gar Fac Gar Fac Was Fac Gar Fac Gar Fac Gar Fac Gar Res Gar Machines Disabled 25 | . . 1 . . 4 3 . 2 . 2 . . . 2 . 2 3 2 . 3 . 1 Max in Single Turn 2 | . . . . . 1 1 . 1 . 1 . . . 1 . 1 . 1 . 2 . 1 Garrison Relay 15 | . . . . . . 3 . 2 . 2 . . . 2 . 2 . 2 . 1 . 1 Phase Generator 1 | . . . . . . . . . . . . . . . . . . . . 1 . . Machines Sabotaged . | . . . . . . . . . . . . . . . . . . . . . . . Garrisons Compromised . | . . . . . . . . . . . . . . . . . . . . . . . Overloaded Fab Kills . | . . . . . . . . . . . . . . . . . . . . . . . Fab Network Shutdowns . | . . . . . . . . . . . . . . . . . . . . . . . Hacking | -11 -10 -10 -10 -9 -8 -8 -7 -7 -7 -7 -6 -6 -6 -6 -6 -6 -5 -5 -4 -4 -3 -3 --------- Run | Scr Mat Min Exi Min Mat Gar Fac Gar Fac Gar Fac Was Fac Gar Fac Gar Fac Gar Fac Gar Res Gar Machines Accessed 22 | . 5 . 1 . 2 . 2 . 4 . . . 4 . 1 . 1 . 1 . 1 . Terminals 7 | . 5 . . . 1 . . . . . . . 1 . . . . . . . . . Fabricators 2 | . . . . . . . . . 1 . . . 1 . . . . . . . . . Repair Stations 2 | . . . . . . . . . 1 . . . 1 . . . . . . . . . Recycling Units . | . . . . . . . . . . . . . . . . . . . . . . . Scanalyzers 1 | . . . . . . . . . 1 . . . . . . . . . . . . . Garrison Access 9 | . . . . . 1 . 2 . 1 . . . 1 . 1 . 1 . 1 . 1 . Total Hacks 43 | . 10 . 1 . 3 . 2 . 10 . . . 5 . 2 . 4 . 5 . 1 . Successful 24 | . 6 . 1 . 2 . 1 . 6 . . . 3 . 1 . 2 . 1 . 1 . Failed 19 | . 4 . . . 1 . 1 . 4 . . . 2 . 1 . 2 . 4 . . . Catastrophic 6 | . . . . . . . . . 2 . . . 2 . 1 . 1 . . . . . Database Lockouts . | . . . . . . . . . . . . . . . . . . . . . . . Manual 21 | . 4 . 1 . . . 1 . 4 . . . 3 . 1 . 3 . 4 . . . Terminals 13 | . 10 . . . 1 . . . . . . . 2 . . . . . . . . . Fabricators 3 | . . . . . . . . . 2 . . . 1 . . . . . . . . . Repair Stations 3 | . . . . . . . . . 2 . . . 1 . . . . . . . . . Recycling Units . | . . . . . . . . . . . . . . . . . . . . . . . Scanalyzers 3 | . . . . . . . . . 3 . . . . . . . . . . . . . Garrison Access 20 | . . . . . 2 . 2 . 3 . . . 1 . 2 . 4 . 5 . 1 . Terminal Hacks 4 | . 2 . 1 . 1 . . . . . . . . . . . . . . . . . Zone Layout 3 | . 2 . . . 1 . . . . . . . . . . . . . . . . . EX-Prototype ID Bank 1 | . . . 1 . . . . . . . . . . . . . . . . . . . Fabricator Hacks 2 | . . . . . . . . . 1 . . . 1 . . . . . . . . . Load Schematic 1 | . . . . . . . . . 1 . . . . . . . . . . . . . Build 1 | . . . . . . . . . . . . . 1 . . . . . . . . . Repair Station Hacks . | . . . . . . . . . . . . . . . . . . . . . . . Recycling Unit Hacks . | . . . . . . . . . . . . . . . . . . . . . . . Scanalyzer 2 | . . . . . . . . . 2 . . . . . . . . . . . . . Insert Component 1 | . . . . . . . . . 1 . . . . . . . . . . . . . Analyze 1 | . . . . . . . . . 1 . . . . . . . . . . . . . Garrison Access Hacks 8 | . . . . . 1 . 1 . 1 . . . 1 . 1 . 1 . 1 . 1 . Unlock Access 8 | . . . . . 1 . 1 . 1 . . . 1 . 1 . 1 . 1 . 1 . Unauthorized Hacks 8 | . 4 . . . . . . . 2 . . . 1 . . . 1 . . . . . Terminals 4 | . 4 . . . . . . . . . . . . . . . . . . . . . Track 4 | . 4 . . . . . . . . . . . . . . . . . . . . . Fabricators . | . . . . . . . . . . . . . . . . . . . . . . . Repair Stations 2 | . . . . . . . . . 1 . . . 1 . . . . . . . . . Mechanics 2 | . . . . . . . . . 1 . . . 1 . . . . . . . . . Recycling Units . | . . . . . . . . . . . . . . . . . . . . . . . Scanalyzers . | . . . . . . . . . . . . . . . . . . . . . . . Garrison Access 2 | . . . . . . . . . 1 . . . . . . . 1 . . . . . Reprogram 2 | . . . . . . . . . 1 . . . . . . . 1 . . . . . Data Cores Recovered . | . . . . . . . . . . . . . . . . . . . . . . . Used . | . . . . . . . . . . . . . . . . . . . . . . . Hacking Detections 16 | . 3 . . . 2 . 1 . 4 . . . 2 . 1 . 1 . 1 . 1 . Full Trace Events 2 | . . . . . . . . . 1 . . . . . 1 . . . . . . . Feedback Events 1 | . . . . . . . . . 1 . . . . . . . . . . . . . Corruption 1 | . . . . . . . . . 1 . . . . . . . . . . . . . Feedback Blocked . | . . . . . . . . . . . . . . . . . . . . . . . Robot Schematics Acquired . | . . . . . . . . . . . . . . . . . . . . . . . Robots Built 1 | . . . . . . . . . . . . . 1 . . . . . . . . . Matter 153 | . . . . . . . . . . . . . 153 . . . . . . . . . Time 40 | . . . . . . . . . . . . . 40 . . . . . . . . . Total Robot Build Rating 1 | . . . . . . . . . . . . . 1 . . . . . . . . . Part Schematics Acquired 1 | . . . . . . . . . 1 . . . . . . . . . . . . . Parts Built . | . . . . . . . . . . . . . . . . . . . . . . . Matter . | . . . . . . . . . . . . . . . . . . . . . . . Time . | . . . . . . . . . . . . . . . . . . . . . . . Total Part Build Rating . | . . . . . . . . . . . . . . . . . . . . . . . Parts Repaired . | . . . . . . . . . . . . . . . . . . . . . . . Time . | . . . . . . . . . . . . . . . . . . . . . . . Parts Recycled . | . . . . . . . . . . . . . . . . . . . . . . . Recycled Matter . | . . . . . . . . . . . . . . . . . . . . . . . Retrieved Matter . | . . . . . . . . . . . . . . . . . . . . . . . Retrieved Components . | . . . . . . . . . . . . . . . . . . . . . . . Parts Scanalyzed 1 | . . . . . . . . . 1 . . . . . . . . . . . . . Part Schematics Acquired 1 | . . . . . . . . . 1 . . . . . . . . . . . . . Parts Damaged . | . . . . . . . . . . . . . . . . . . . . . . . Bothacking | -11 -10 -10 -10 -9 -8 -8 -7 -7 -7 -7 -6 -6 -6 -6 -6 -6 -5 -5 -4 -4 -3 -3 ------------ Run | Scr Mat Min Exi Min Mat Gar Fac Gar Fac Gar Fac Was Fac Gar Fac Gar Fac Gar Fac Gar Res Gar Used RIF Installer 7 | . . . . . . 1 . 1 . 1 . . . 1 . 1 . 1 . 1 . . Command Fork 1 | . . . . . . . . 1 . . . . . . . . . . . . . . Threat Obfuscator 1 | . . . . . . . . . . . . . . . . . . 1 . . . . Robot Detection 1 | . . . . . . . . . . . . . . . . 1 . . . . . . Alert ID Control 1 | . . . . . . . . . . 1 . . . . . . . . . . . . Program Shield 1 | . . . . . . . . . . . . . . . . . . . . 1 . . Autooverride 1 | . . . . . . . . . . . . . . 1 . . . . . . . . Robots Hacked 77 | . . . . . . 4 . 5 . 7 . . 15 7 . 5 8 3 1 11 3 8 Non-combat 10 | . . . . . . . . . . . . . 8 . . . 2 . . . . . Combat 67 | . . . . . . 4 . 5 . 7 . . 7 7 . 5 6 3 1 11 3 8 Autooverrided 7 | . . . . . . . . . . . . . . . . 1 1 . . 2 . 3 Robot Hacks Applied 71 | . . . . . . 4 . 5 . 7 . . 15 7 . 5 7 3 1 9 3 5 parse_system 1 | . . . . . . . . . . . . . 1 . . . . . . . . . generate_echo 1 | . . . . . . . . . . . . . 1 . . . . . . . . . deconstruct_machine 1 | . . . . . . . . . . . . . 1 . . . . . . . . . ignore_repairs 1 | . . . . . . . . . . . . . 1 . . . . . . . . . ignore_parts 1 | . . . . . . . . . . . . . 1 . . . . . . . . . purge_threat 1 | . . . . . . . . . . . . . 1 . . . . . . . . . map_route 2 | . . . . . . . . . . . . . 1 . . . 1 . . . . . spike_heat 1 | . . . . . . . . . . . . . 1 . . . . . . . . . amplify_resonance 6 | . . . . . . . . . . . . . . 1 . 1 3 . . . . 1 wipe_record 1 | . . . . . . . . 1 . . . . . . . . . . . . . . disable_weapons 1 | . . . . . . . . . . . . . 1 . . . . . . . . . reboot_system 3 | . . . . . . . . . . . . . . 1 . 1 . . . 1 . . go_dormant 2 | . . . . . . . . 1 . . . . . . . . . . . 1 . . overwrite_iff 8 | . . . . . . . . . . . . . 1 . . 1 2 . . . . 4 streamctrl_high 2 | . . . . . . . . . . . . . . . . . 1 . . 1 . . formatsys_low 2 | . . . . . . . . . . . . . 2 . . . . . . . . . formatsys_high 37 | . . . . . . 4 . 3 . 7 . . 3 5 . 2 . 3 1 6 3 . Relay Couplers Released 61 | . . . . . . 12 . 7 . 8 . . . 8 . 9 . 7 . 5 . 5 Machine Destruction 61 | . . . . . . 12 . 7 . 8 . . . 8 . 9 . 7 . 5 . 5 Attached 42 | . . . . . . 3 . 6 . 4 . . 3 4 . 7 . 5 . 6 1 3 Robots Rewired . | . . . . . . . . . . . . . . . . . . . . . . . Allies Hacked 1 | . . . . . . . . . . . . . 1 . . . . . . . . . Hacks Repelled . | . . . . . . . . . . . . . . . . . . . . . . . Allies | -11 -10 -10 -10 -9 -8 -8 -7 -7 -7 -7 -6 -6 -6 -6 -6 -6 -5 -5 -4 -4 -3 -3 -------- Run | Scr Mat Min Exi Min Mat Gar Fac Gar Fac Gar Fac Was Fac Gar Fac Gar Fac Gar Fac Gar Res Gar Total Allies 94 | . . 4 . 2 . 4 . 4 1 11 . 20 7 6 . 5 6 4 1 9 3 7 Largest Group 20 | . . 4 2 2 2 3 2 4 4 9 . 20 20 7 5 6 6 5 5 6 7 7 Highest-Rated Group 831 | . . 71 24 47 47 31 26 124 124 179 . 831 831 103 88 108 178 176 196 276 359 359 Highest-Rated Ally 64 | . . 31 16 31 31 21 21 38 38 32 . 46 46 41 41 41 41 46 49 56 64 64 Total Orders 53 | . . . . . . 4 . 5 2 4 . . . 10 . 10 1 3 . 11 2 1 STAY 30 | . . . . . . 2 . 3 1 3 . . . 6 . 4 1 2 . 6 1 1 FOLLOW 15 | . . . . . . 2 . 2 1 1 . . . 1 . 2 . 1 . 4 1 . GUARD 2 | . . . . . . . . . . . . . . 1 . . . . . 1 . . AID 6 | . . . . . . . . . . . . . . 2 . 4 . . . . . . Ally Attacks 474 | . . 18 . 15 10 7 . 16 9 23 . 8 132 19 . 22 28 16 15 77 25 34 Total Damage 12716 | . . 234 . 135 148 58 . 257 206 558 . 117 3441 417 . 355 979 418 351 2710 1006 1326 Kills 92 | . . 7 . 2 1 2 . 3 2 3 . 1 24 5 . 4 5 12 4 7 6 4 Allies Corrupted 2 | . . . . . . . . . . . . . 1 . . . . . . . . 1 Allies Melted 1 | . . . . . . . . . . . . . . . . . . . . . . 1 Intel | -11 -10 -10 -10 -9 -8 -8 -7 -7 -7 -7 -6 -6 -6 -6 -6 -6 -5 -5 -4 -4 -3 -3 ------- Run | Scr Mat Min Exi Min Mat Gar Fac Gar Fac Gar Fac Was Fac Gar Fac Gar Fac Gar Fac Gar Res Gar Robot Analysis Total . | . . . . . . . . . . . . . . . . . . . . . . . Derelict Logs Recovered 4 | . . 2 . 2 . . . . . . . . . . . . . . . . . . Drone Launches . | . . . . . . . . . . . . . . . . . . . . . . . Drone Recoveries . | . . . . . . . . . . . . . . . . . . . . . . . Exploration | -11 -10 -10 -10 -9 -8 -8 -7 -7 -7 -7 -6 -6 -6 -6 -6 -6 -5 -5 -4 -4 -3 -3 ------------- Run | Scr Mat Min Exi Min Mat Gar Fac Gar Fac Gar Fac Was Fac Gar Fac Gar Fac Gar Fac Gar Res Gar Turns Passed 20531 | 51 946 799 435 1058 1111 1050 78 1084 788 2166 132 399 1767 1856 23 1675 355 1280 189 2193 196 900 Spaces Moved 11590 | 37 494 456 269 575 404 789 71 784 599 1127 86 234 1061 973 20 933 232 656 121 1215 139 315 Core 8 | 7 . . . . . 1 . . . . . . . . . . . . . . . . Treads 2200 | . 436 456 269 575 404 60 . . . . . . . . . . . . . . . . Legs 9382 | 30 58 . . . . 728 71 784 599 1127 86 234 1061 973 20 933 232 656 121 1215 139 315 Wheels . | . . . . . . . . . . . . . . . . . . . . . . . Hover . | . . . . . . . . . . . . . . . . . . . . . . . Flight . | . . . . . . . . . . . . . . . . . . . . . . . Fastest Speed 50 | 50 120 160 160 160 160 85 90 90 90 150 150 150 120 120 120 120 120 150 150 120 120 120 Average Speed 135 | 114 156 160 160 160 167 103 90 90 102 169 153 161 138 120 120 120 129 150 150 138 120 120 Slowest Speed 1100 | 150 180 160 160 160 200 1100 90 90 150 240 180 180 150 150 120 120 150 150 150 150 120 120 Overloaded Moves 20 | . . . . . . 20 . . . . . . . . . . . . . . . . Propulsion Burnouts . | . . . . . . . . . . . . . . . . . . . . . . . Robots Hopped . | . . . . . . . . . . . . . . . . . . . . . . . Cave-ins Triggered 2 | . . . . . 2 . . . . . . . . . . . . . . . . . Exploration Rate (%) 44 | 3 83 96 60 90 29 67 3 62 13 64 3 94 31 76 1 55 8 55 3 83 5 37 Regions Visited 22 Branch Regions 3 Pre-discovered Areas 1 | . . 1 . . . . . . . . . . . . . . . . . . . . Known Exits Taken 8 | . . . . . 1 . 1 . 1 . . . 1 . 1 . 1 . 1 . 1 . Unknown Exits Taken 5 | 1 1 1 1 1 . . . . . . . . . . . . . . . . . . Scrap Searched 4 | . . 1 . 3 . . . . . . . . . . . . . . . . . . Spaces Dug 21 | . . . . . 12 . 1 . 1 . . . . . . . . . . 7 . . Terrain Destroyed 144 | . . . . . 20 32 1 . 1 1 . . . . . 2 . . . 87 . . Melee 14 | . . . . . 5 . 1 . 1 . . . . . . . . . . 7 . . Projectile 21 | . . . . . 15 . . . . 1 . . . . . 2 . . . 3 . . AOE 109 | . . . . . . 32 . . . . . . . . . . . . . 77 . . Terrain Rammed . | . . . . . . . . . . . . . . . . . . . . . . . Walls Destroyed . | . . . . . . . . . . . . . . . . . . . . . . . Machines Disabled . | . . . . . . . . . . . . . . . . . . . . . . . Actions | -11 -10 -10 -10 -9 -8 -8 -7 -7 -7 -7 -6 -6 -6 -6 -6 -6 -5 -5 -4 -4 -3 -3 --------- Run | Scr Mat Min Exi Min Mat Gar Fac Gar Fac Gar Fac Was Fac Gar Fac Gar Fac Gar Fac Gar Res Gar Total 15860 | 42 621 526 276 693 702 960 80 1147 747 1315 87 255 1343 1629 19 1460 272 950 128 1615 169 824 Wait 3136 | . 74 68 . 87 177 56 4 290 124 86 . 11 185 584 . 426 17 235 . 254 16 442 Move 11562 | 36 493 455 268 574 403 787 70 782 598 1125 86 233 1060 971 19 931 231 654 120 1213 138 315 Hop . | . . . . . . . . . . . . . . . . . . . . . . . Pick Up 107 | . 11 3 3 6 8 15 . 14 1 13 . . 7 6 . 6 . 6 1 1 2 4 Fast Attach 87 | 6 4 . . 1 12 4 4 3 1 6 1 5 10 4 . 2 4 1 1 9 1 8 Attach 43 | . . . . . 2 9 . 2 2 11 . . 3 2 . 2 1 2 . 4 1 2 Detach 3 | . . . . . . 1 . . . . . . 1 . . . 1 . . . . . Swap 83 | . 3 . 2 5 4 2 1 2 3 7 . 2 14 4 . 10 . 5 2 7 1 9 Drop 133 | . 7 . 3 7 16 11 . 12 2 6 . 4 22 8 . 8 . 5 2 4 2 14 Fire 381 | . 29 . . 13 75 23 . . . 40 . . 19 30 . 35 18 7 2 62 . 28 Melee 146 | . . . . . 5 35 1 20 16 11 . . 16 . . . . . . 35 5 2 Ram . | . . . . . . . . . . . . . . . . . . . . . . . Kick 1 | . . . . . . . . . . . . . 1 . . . . . . . . . Crush . | . . . . . . . . . . . . . . . . . . . . . . . Escape Stasis 157 | . . . . . . 9 . 20 . 10 . . . 20 . 40 . 35 . 23 . . Rewire 16 | . . . . . . 3 . 2 . . . . 5 . . . . . . 3 3 . Trap 5 | . . . . . . 5 . . . . . . . . . . . . . . . . Miscellaneous . | . . . . . . . . . . . . . . . . . . . . . . . Route ------- -11/Scrapyard -10/Materials (discovered 3 exits: [*Mat x2] / [*Min]) -10/Mines (discovered 3 exits: [*Mat x2] / *Exi) -10/Exiles -9/Mines -8/Materials -8/Garrison (discovered 2 exits: *Fac x2) -7/Factory -7/Garrison (discovered 3 exits: *Fac x3) -7/Factory -7/Garrison (discovered 3 exits: [*Fac x3]) -6/Factory -6/Waste -6/Factory -6/Garrison (discovered 3 exits: *Fac x3) -6/Factory -6/Garrison (discovered 2 exits: *Fac x2) -5/Factory -5/Garrison (discovered 2 exits: *Fac x2) -4/Factory -4/Garrison (discovered 3 exits: *Res x3) -3/Research -3/Garrison History --------- Turn | Location | Event 19 | -11/Scrapyard | Discovered new exit (range 14) 52 | -11/Scrapyard | Entered Materials 305 | -10/Materials | Build established: Mutant 471 | -10/Materials | Discovered new exit (range 10) 802 | -10/Materials | Discovered new exit (range 15) 992 | -10/Materials | Discovered new exit (range 5) 998 | -10/Materials | Entered Mines 1013 | -10/Mines | Learned Materials garrison access intel 1040 | -10/Mines | A weapon hastily lodged in a ceiling crevice suddenly fell to the ground 1055 | -10/Mines | Deemed a non-threat by the Exiles lab entrance 1057 | -10/Mines | Discovered new exit (range 5) 1129 | -10/Mines | Assisted by bots powering up and referring to "LRC-V3" 1292 | -10/Mines | Discovered new exit (range 10) 1302 | -10/Mines | Received a Mining Laser from a helpful Derelict 1413 | -10/Mines | Received a Rocket Launcher from a helpful Derelict 1521 | -10/Mines | Discovered new exit (range 10) 1617 | -10/Mines | Learned location of Zion (-6) 1797 | -10/Mines | Entered Exiles 1797 | -10/Exiles | Accompanied by 2 allies 1837 | -10/Exiles | Met 8R-AWN 1863 | -10/Exiles | Met EX-HEX 1908 | -10/Exiles | Met EX-BIN 1932 | -10/Exiles | Aligned with FarCom system 1933 | -10/Exiles | Given EX-Vault access code 1980 | -10/Exiles | Opened EX-Vault 1993 | -10/Exiles | Found Potential Leg 1995 | -10/Exiles | Found Potential Leg 2031 | -10/Exiles | Warned to stay clear of 0b10 Research branches 2084 | -10/Exiles | Met EX-DEC 2216 | -10/Exiles | Discovered new exit (range 10) 2232 | -10/Exiles | Left Exiles lab with Potential Leg 2232 | -10/Exiles | Entered Mines 2232 | -9/Mines | Accompanied by 2 allies 2233 | -9/Mines | Met a Derelict bent on vengeance 2790 | -9/Mines | Learned Materials emergency access door positions 3203 | -9/Mines | Found a hidden stash of uninstalled traps 3253 | -9/Mines | Learned location of 1 exit from Proximity Caves 3261 | -9/Mines | Discovered new exit (range 12) 3290 | -9/Mines | Entered Materials 3290 | -8/Materials | Accompanied by 2 allies 3290 | -8/Materials | Evolved 4 slots: Utility x4 3292 | -8/Materials | Loaded intel: 1 garrison access location 3301 | -8/Materials | Led the pair of lost Derelicts to an unsafe place 3736 | -8/Materials | Build established: Hacker-Mutant 3829 | -8/Materials | Crushed by falling debris 4133 | -8/Materials | Build established: Mutant 4393 | -8/Materials | Crushed by falling debris 4399 | -8/Materials | Identified exit to Garrison 4401 | -8/Materials | Entered Garrison 4589 | -8/Garrison | Triggered checkpoint 4688 | -8/Garrison | Garrison Relay disabled 4831 | -8/Garrison | Discovered new exit (range 12) 4846 | -8/Garrison | Installed Relay Interface Framework 4968 | -8/Garrison | Core integrity fell below 50% 5002 | -8/Garrison | Lost 3 parts (1p1u1w) 5142 | -8/Garrison | Discovered new exit (range 10) 5148 | -8/Garrison | Build established: Bothacker-Mutant 5168 | -8/Garrison | Triggered checkpoint 5209 | -8/Garrison | Garrison Relay disabled 5310 | -8/Garrison | Triggered checkpoint 5333 | -8/Garrison | Garrison Relay disabled 5451 | -8/Garrison | Entered Factory 5451 | -7/Factory | Accompanied by 2 allies 5451 | -7/Factory | Evolved 2 slots: Utility x2 5524 | -7/Factory | Identified exit to Garrison 5529 | -7/Factory | Entered Garrison 5529 | -7/Garrison | Accompanied by 2 allies 5534 | -7/Garrison | Expanded RIF knowledge: Command Fork 5760 | -7/Garrison | Triggered checkpoint 5797 | -7/Garrison | Discovered new exit (range 9) 5842 | -7/Garrison | Triggered checkpoint 5875 | -7/Garrison | Discovered new exit (range 10) 5896 | -7/Garrison | Triggered checkpoint 5913 | -7/Garrison | Garrison Relay disabled 5980 | -7/Garrison | Triggered checkpoint 6181 | -7/Garrison | Discovered new exit (range 12) 6300 | -7/Garrison | Triggered checkpoint 6389 | -7/Garrison | Garrison Relay disabled 6613 | -7/Garrison | Entered Factory 6613 | -7/Factory | Accompanied by 4 allies 7212 | -7/Factory | Lost 6 parts (1p2n2u1w) 7215 | -7/Factory | Garrison activated, responded to threat 7245 | -7/Factory | Identified exit to Garrison 7401 | -7/Factory | Entered Garrison 7401 | -7/Garrison | Accompanied by 1 ally 7426 | -7/Garrison | Triggered checkpoint 7517 | -7/Garrison | Garrison Relay disabled 7578 | -7/Garrison | Core integrity fell below 50% 7733 | -7/Garrison | Spotted B-75 Beast 7733 | -7/Garrison | Spotted B-75 Beast 7796 | -7/Garrison | Triggered checkpoint 7933 | -7/Garrison | Garrison Relay disabled 8164 | -7/Garrison | Triggered checkpoint 8623 | -7/Garrison | Discovered new exit (range 14) 8718 | -7/Garrison | Triggered checkpoint 8763 | -7/Garrison | Discovered new exit (range 10) 8864 | -7/Garrison | Triggered checkpoint 8962 | -7/Garrison | Discovered new exit (range 10) 8987 | -7/Garrison | Expanded RIF knowledge: Alert ID Control 9074 | -7/Garrison | Lost 4 parts (1p2n1u) 9567 | -7/Garrison | Entered Factory 9567 | -6/Factory | Evolved 2 slots: Propulsion x1, Utility x1 9699 | -6/Factory | Sucked down chute 9699 | -6/Factory | Entered Waste 9700 | -6/Waste | Joined by Warlord forces that had cleared the area 9940 | -6/Waste | A Compactor rumbled back to life 9940 | -6/Waste | Spotted C-40 Crusher 9942 | -6/Waste | Allies destroyed C-40 Crusher 10056 | -6/Waste | Discovered new exit (range 16) 10098 | -6/Waste | Entered Factory 10098 | -6/Factory | Accompanied by 20 allies 10296 | -6/Factory | Fabricated K-01 Serf (x1) 11864 | -6/Factory | Identified exit to Garrison 11865 | -6/Factory | Entered Garrison 11865 | -6/Garrison | Accompanied by 1 ally 12286 | -6/Garrison | Triggered checkpoint 12434 | -6/Garrison | Triggered checkpoint 12458 | -6/Garrison | Garrison Relay disabled 12493 | -6/Garrison | Discovered new exit (range 10) 12691 | -6/Garrison | Triggered checkpoint 12715 | -6/Garrison | Triggered checkpoint 13086 | -6/Garrison | Triggered checkpoint 13132 | -6/Garrison | Triggered checkpoint 13147 | -6/Garrison | Garrison Relay disabled 13224 | -6/Garrison | Discovered new exit (range 10) 13409 | -6/Garrison | Discovered new exit (range 13) 13435 | -6/Garrison | Expanded RIF knowledge: Autooverride 13721 | -6/Garrison | Entered Factory 13721 | -6/Factory | Accompanied by 5 allies 13725 | -6/Factory | Build established: Botlord-Mutant 13742 | -6/Factory | Identified exit to Garrison 13744 | -6/Factory | Entered Garrison 13744 | -6/Garrison | Accompanied by 5 allies 14030 | -6/Garrison | Triggered checkpoint 14130 | -6/Garrison | Triggered checkpoint 14277 | -6/Garrison | Discovered new exit (range 10) 14298 | -6/Garrison | Expanded RIF knowledge: Robot Detection 14388 | -6/Garrison | Triggered checkpoint 14433 | -6/Garrison | Discovered new exit (range 9) 14650 | -6/Garrison | Triggered checkpoint 14718 | -6/Garrison | Garrison Relay disabled 15274 | -6/Garrison | Triggered checkpoint 15302 | -6/Garrison | Garrison Relay disabled 15419 | -6/Garrison | Entered Factory 15419 | -5/Factory | Accompanied by 5 allies 15419 | -5/Factory | Evolved 2 slots: Utility x2 15479 | -5/Factory | Identified exit to Garrison 15680 | -5/Factory | Lost 3 parts (1n1u1w) 15693 | -5/Factory | Garrison activated, responded to threat 15774 | -5/Factory | Entered Garrison 15774 | -5/Garrison | Accompanied by 3 allies 15782 | -5/Garrison | Expanded RIF knowledge: Threat Obfuscation 15884 | -5/Garrison | Triggered checkpoint 15911 | -5/Garrison | Garrison Relay disabled 16066 | -5/Garrison | Triggered checkpoint 16101 | -5/Garrison | Triggered checkpoint 16182 | -5/Garrison | Triggered checkpoint 16217 | -5/Garrison | Garrison Relay disabled 16265 | -5/Garrison | Discovered new exit (range 10) 16533 | -5/Garrison | Discovered new exit (range 12) 17054 | -5/Garrison | Entered Factory 17054 | -4/Factory | Accompanied by 5 allies 17054 | -4/Factory | Evolved 2 slots: Utility x2 17100 | -4/Factory | Garrison activated, responded to threat 17118 | -4/Factory | Identified exit to Garrison 17243 | -4/Factory | Entered Garrison 17243 | -4/Garrison | Accompanied by 5 allies 17544 | -4/Garrison | Triggered checkpoint 17555 | -4/Garrison | Garrison Relay disabled 17774 | -4/Garrison | Phase Generator disabled 18067 | -4/Garrison | P-70 Sage assimilated allied Sentinel 7a 18226 | -4/Garrison | Triggered checkpoint 18389 | -4/Garrison | Spotted B-86 Titan 18602 | -4/Garrison | Allies destroyed B-86 Titan 18602 | -4/Garrison | Triggered checkpoint 18603 | -4/Garrison | Triggered checkpoint 18635 | -4/Garrison | Triggered checkpoint 18677 | -4/Garrison | Lost 3 parts (1p1u1w) 18854 | -4/Garrison | Discovered new exit (range 5) 18886 | -4/Garrison | Triggered checkpoint 19131 | -4/Garrison | Discovered new exit (range 15) 19380 | -4/Garrison | Discovered new exit (range 12) 19419 | -4/Garrison | Expanded RIF knowledge: Program Shield 19436 | -4/Garrison | Entered Research 19436 | -3/Research | Accompanied by 5 allies 19436 | -3/Research | Evolved 2 slots: Propulsion x1, Utility x1 19628 | -3/Research | Identified exit to Garrison 19632 | -3/Research | Entered Garrison 19632 | -3/Garrison | Accompanied by 7 allies 19668 | -3/Garrison | Triggered checkpoint 19683 | -3/Garrison | Garrison Relay disabled 20295 | -3/Garrison | Spotted B-86 Titan 20314 | -3/Garrison | Triggered checkpoint 20400 | -3/Garrison | Destroyed B-86 Titan 20532 | -3/Garrison | Self-destructed Last Messages --------------- 20434_ Dropped Arm. Leg. 20436_ Dropped Flexi-carbon Leg. 20438_ Dropped Arm. Leg. 20439_ Acquired 30 matter. 20442_ Dropped Myomer Leg. 20443_ Acquired 10 matter. 20459_ Dropped Adv. Datajack. 20462_ Acquired 10 matter. 20499_ RIF automatically rewrites C-30 ARC IFF filter. 20510_ Network quickbooting C-30 ARC, ETC: 9. 20515_ C-30 ARC system offline. 20519_ C-30 ARC reactivates. 20519_ C-30 ARC bursts open, deploying its payload. 20519_ B-74 Champion unfolds itself. 20519_ G-67 Veteran unfolds itself. 20519_ Imp. Medium Armor Plating destroyed. 20519_ Jacked G-67 Veteran... 20521_ Jacked B-74 Champion... >>overwrite_iff Rewriting IFF filter. Map ----- +----------------------------------------------------+ | ??????????????????????# #######""############### | | ??????????????????????# ??????# #?????????????? | | ??????????????????????# ??????# #?????????????? | | ??????????????????????# #######[ #?????????????? | | ??????????????????????# " /==###???????????? | | ??????????????????????# #######% #???????????? | | ????????????? ???ssss?# #??## === #???????????? | | ????????????# ##""""## #?## =%=! ##??????????? | | ???????????? ###%#[%%== #??????????? | | ???????????# [%[[%[[[[[ #??????????? | | ???????????? **%[/=%[ ##??????????? | | ???????????? ???# ## %!###!=[ "##???????????? | | ???????????# ## ;# ###?#######????????????? | | ??????????b" #????????????????????? | | ??????????b" #????????????????????? | | ???????????" #????????????????????? | | ???????????" #????????????????????? | | ???????????# ## ## ###????????????????????? | | ???????????# ## ## #??????????????????????? | | ?????????? #??????????????????????? | | ?????????? #??????????????????????? | | ?????????? #??????????????????????? | | ???????????######""""## #??????????????????????? | | ??????????????????????# #??????????????????????? | | ??????????????????????# #??????????????????????? | | ??????????????????????# @#??????????????????????? | | ??????????????????????# #???#??????????????????? | | ??????????????????????# #?? #??????????????????? | | ??????????????????????# ###+#######????????????? | | ??????????????????????# "%" ?????? | | ??????????????????????# g " ?????? | | ??????????????????????# gg ^ ?????? | | ??????????????????????#####################??????? | | ?????????????????????????????????????????????????? | | ?????????????????????????????????????????????????? | | ?????????????????????????????????????????????????? | | ?????????????????????????????????????????????????? | | ?????????????????????????????????????????????????? | | ?????????????????????????????????????????????????? | | ??????????????????????????????????????g?g????????? | | ?????????????????????????????????????????????????? | | ?????????????????????????????????????????????????? | | ?????????????????????????????????????????????????? | | ?????????????????????????????????????????????????? | | ?????????????????????????????????????????????????? | | ?????????????????????????????????????????????????? | | ?????????????????????????????????????????????????? | | ?????????????????????????????????????????????????? | | ?????????????????????????????????????????????????? | | ?????????????????????????????????????????????????? | +----------------------------------------------------+ Best States ------------- Heat Dissipation 65 Energy Generation 21 Energy Capacity 290 Matter Stores 300 Matter Capacity 300 Sight Range 20 Terrain Scan Density 10 Additional Mass Support 6 Armor Coverage 900 Weapon Shielding 66 Phase Shifting 5 Evasion (%) 45 Target Analysis 8 Recoil Reduction 2 Offensive Hacking 10 Defensive Hacking 10 Relay Coupler Types 176 Relay Coupler Value 8 Item Schematics ----------------- Imp. Carbon-fiber Leg | -7/Factory | Scanalyzed Robot Schematics ------------------ None Fabricated ------------ K-01 Serf | x1 | -6/Factory | Preloaded Alien Tech Used ----------------- None Achievements -------------- None Challenges ------------ None Game ------ Seed SpreadShieldPit Manual? 0 Play Time 01:57:55 Cumulative 247.2 hours Start 2021.12.08 @ 09:44:09 End 2021.12.08 @ 21:01:56 Sessions 3 Manual Loads 0 Difficulty Rogue Special Mode None Game No. 463 Rogue 308 Adventurer 148 Explorer 7 Win Type - Total 10 Types 8/0/1/1/0/0/0/0/0 Lore% 75 Gallery% 87 Achievement% 65 Wizard Run 0 Options --------- ASCII 0 Keyboard 0 Movement Numpad Keybinds 0 Fullscreen 1 Font 18/SmallcapsGlow Map View 76x50 Tactical HUD 1 Map Filters NONE Filters NONE Steam 1 RUN: a3ea1a33-ff48-48f8-ba78-39264fbb08bf